Map: Nightshade LE

Players

Zest

  • Race: Protoss Protoss
  • Spawn Location: 11:00

AgoElazer (Elazer) - Winner!

  • Race: Zerg Zerg
  • Spawn Location: 5:00

Event: StayAtHomestory Cup #1

VOD

Have the link to the VOD?

Description

Time

  • Played on: April 10, 2020, 7:38 a.m.
  • Length: 4:13

All games in this series

Show
View Real Time Build Order
Export as new Build Order

Zest Protoss 

Build Orders: 1 Gate Expand, Dark Templar Rush 

Get SALT Encoding   

  12  0:00  Probe  
  13  0:13  Probe  
  14  0:19  Pylon  
  14  0:25  Probe  
  15  0:37  Probe (Chrono Boost)  
  15  0:40  Gateway  
  16  0:47  Probe (Chrono Boost)  
  17  0:50  Assimilator  
  17  0:52  Probe (Chrono Boost)  
  18  1:04  Probe  
  19  1:16  Probe  
  20  1:25  Nexus  
  20  1:35  Cybernetics Core  
  20  1:38  Probe  
  21  1:44  Assimilator  
  21  1:50  Probe  
  21  1:53  Pylon  
  22  2:02  Probe (Chrono Boost)  
  23  2:08  Adept (Chrono Boost)  
  23  2:12  Probe (Chrono Boost)  
  26  2:17  Probe  
  26  2:22  Twilight Council  
  27  2:29  Probe  
  28  2:31  Stalker (Chrono Boost)  
  30  2:38  Probe  
  30  2:41  Probe  
  32  2:49  Robotics Facility  
  32  2:57  Probe x2  
  34  3:04  Gateway  
  34  3:09  Adept (Chrono Boost)  
  34  3:11  Shield Battery  
  36  3:18  Pylon  
  36  3:32  Cybernetics Core  
  34  3:42  Dark Shrine  
  34  3:46  Gateway  
  34  3:50  Gateway  
  34  3:55  Gateway  
  34  4:01  Pylon  
Show
View Real Time Build Order
Export as new Build Order

AgoElazer Zerg - Winner!

Build Orders: Hatch First 

Get SALT Encoding   

  12  0:00  Drone  
  13  0:12  Overlord  
  13  0:16  Drone  
  14  0:30  Drone x2  
  16  0:43  Drone  
  17  0:51  Hatchery  
  17  0:54  Drone  
  17  0:57  Drone  
  18  1:06  Extractor  
  17  1:13  Spawning Pool  
  17  1:18  Drone  
  17  1:21  Drone  
  18  1:28  Drone  
  19  1:39  Drone  
  20  1:50  Overlord  
  20  2:01  Queen  
  20  2:03  Queen  
  20  2:04  Zergling x4  
  26  2:09  Metabolic Boost  
  26  2:14  Zergling x4  
  28  2:30  Zergling x4  
  30  2:37  Hatchery  
  29  2:45  Overlord  
  29  2:46  Zergling x2  
  29  2:49  Zergling x2  
  31  2:57  Zergling x6  
  33  3:06  Zergling x2  
  33  3:12  Zergling x4  
  36  3:15  Zergling x8  
  39  3:24  Zergling x6  
  40  3:30  Zergling x2  
  41  3:37  Zergling x2  
  41  3:44  Zergling x4  
  41  3:46  Zergling x2  
  43  3:50  Zergling x10  
  43  3:55  Zergling x4  
Tags
 
Add a new tag
Caveats
  • Supply blocks, unpowered buildings, or Contaminate may cause inaccurate times.
  • Supply counts are checked every 10 seconds.